 Dungeon Crawl Stone Soup version 0.18-a0-1435-gee79d65 (webtiles) character file.

29 M4edhros the Vandal (level 3, -1/24 HPs)
             Began as an Octopode Hunter on Feb 29, 2016.
             Killed from afar by Sigmund (12 damage)
             ... with a puff of flame
             ... on level 2 of the Dungeon.
             The game lasted 00:00:29 (648 turns).

M4edhros the Vandal (Octopode Hunter)                Turns: 648, Time: 00:00:30

Health: -1/24      AC:  1    Str: 11    XL:     3   Next: 16%
Magic:  3/3        EV: 13    Int: 13    God:
Gold:   70         SH:  0    Dex: 13    Spells: 0 memorised, 2 levels left

rFire  . . .     SeeInvis .     b - +0 short sword
rCold  . . .     Gourm    .     (no shield)
rNeg   . . .     Faith    .     (helmet restricted)
rPois  .         Spirit   .     (no amulet)
rElec  .         Dismiss  .     (no ring)
rCorr  .         Reflect  .     (no ring)
SustAt .         Harm     .     (no ring)
MR     .....                    (no ring)
Stlth  +++.......               (no ring)
                                (no ring)
                                (no ring)
                                (no ring)

@: very slightly contaminated, hasted, very quick, not resistant to hostile
enchantments, fairly stealthy
A: almost no armour, amphibious, 8 rings, constrict 8, camouflage 1, gelatinous
body 1
a: no special abilities


You were on level 2 of the Dungeon.
You were not hungry.

You visited 1 branch of the dungeon, and saw 2 of its levels.

You collected 70 gold pieces.

Inventory:

Hand Weapons
 a - a +1 hunting sling
 b - a +0 short sword (weapon)
Missiles
 c - 17 sling bullets
Scrolls
 f - a scroll of remove curse {unknown}
Potions
 i - 2 potions of degeneration {unknown}
 j - 2 potions of curing {unknown}
Comestibles
 d - 2 bread rations
 g - a beef jerky


   Skills:
 - Level 2.0 Fighting
 + Level 4.3 Slings
 * Level 3.1 Dodging
 - Level 1.3 Stealth


You had 2 spell levels left.
You didn't know any spells.

Dungeon Overview and Level Annotations

Branches:
Dungeon (2/15)

Altars:
Kikubaaqudgha

Annotations:
D:2 Sigmund


Innate Abilities, Weirdness & Mutations

You cannot wear most types of armour.
You are amphibious.
You can wear up to eight rings at the same time.
You can use your tentacles to constrict eight enemies at once.
Your skin changes colour to match your surroundings (Stealth).
Your rubbery body absorbs attacks (AC +1).


Message History

Aim: Sigmund, wielding an enchanted scythe and wearing a robe (lightly wounded)
You shoot a stone. The stone hits Sigmund.
Sigmund is moderately wounded.
Sigmund hits you with an enchanted scythe!
Ouch! That really hurt!
Wield which item (- for none, * to show all)? (? for menu, Esc to quit)
b - a +0 short sword (weapon)
You hit Sigmund but do no damage. You grab Sigmund.
Sigmund is moderately wounded.
You constrict Sigmund. Sigmund barely misses you.
Drink which item? (? for menu, Esc to quit)
It was a potion of haste.
You feel yourself speed up.
You constrict Sigmund.
You are very lightly contaminated with residual magic.
You hit Sigmund.
Sigmund is heavily wounded.
You constrict Sigmund, but do no damage.
Sigmund gestures at you while chanting. The puff of flame hits you!
Ouch! That really hurt!
You die...

##.# #..#
########^##
#........#
#.#.####.######
#.....).........
#...########....
#...?##....# ..
#..⌠.@..≈_.#
#....@.≈...#
#...≈.(≈...#
#...≈≈≈≈..##
#..≈≈≈≈≈..#
##..≈≈≈≈.(.#
##..≈...((..
#..........


You could see Sigmund.

Vanquished Creatures
  2 dart slugs
  2 bats (D:1)
  A giant cockroach (D:1)
  3 goblins (D:1)
  5 hobgoblins (D:1)
  5 kobolds
  A giant newt (D:1)
  3 rats (D:1)
22 creatures vanquished.

Notes
Turn   | Place    | Note
--------------------------------------------------------------
     0 | D:1      | M4edhros the Octopode Hunter began the quest for the Orb.
     0 | D:1      | Reached XP level 1. HP: 14/14 MP: 1/1
   120 | D:1      | Reached XP level 2. HP: 19/19 MP: 2/2
   434 | D:1      | Reached XP level 3. HP: 24/24 MP: 3/3
   638 | D:2      | Found an ancient bone altar of Kikubaaqudgha.
   638 | D:2      | Noticed Sigmund
   648 | D:2      | Killed from afar by Sigmund

Vault maps used:
D:1:      dpeg_arrival_concentric_ovals
D:2:      nicolae_overflow_crystal_walls, kiku_gazebo_pond_becter, first_bread,
          uniq_iyjb, uniq_robin, uniq_natasha, uniq_sigmund

Skill      XL: |  1  2 |
---------------+-------+-----
Dodging        | 3 |  3.1
Fighting       | |  2.0
Slings         | |  4.3
Stealth        | |  1.3

Action                   || total
-------------------------++-------
Melee: Short sword       ||     2
 Fire: Hunting sling     ||    51
  Use: Potion            ||     1
